 Dungeon Sprint DCSS version 0.30.1-11-g7821555f0a (webtiles) character file.

Game seed: 15617079882160556359

1362 Groucho the Geomancer (level 8, -1/48 HPs)
             Began as a Deep Elf Earth Elementalist on Jan 8, 2024.
             Was a Believer of Vehumet.
             Slain by a skeletal warrior
             ... wielding a +0 mace
              (25 damage)
             ... in the Dungeon (Sprint IX: "|||||||||||||||||||||||||||||").
             The game lasted 00:03:33 (1481 turns).

Groucho the Geomancer (Deep Elf Earth Elementalist) Turns: 1481, Time: 00:03:33

Health: -1/48      AC: 12    Str:  8    XL:     8   Next: 37%
Magic:  2/23       EV: 12    Int: 23    God:    Vehumet [**....]
Gold:   0          SH:  0    Dex: 15    Spells: 17/26 levels left

rFire   . . .        l - +2 rapier (distort)
rCold   . . .        (no shield)
rNeg    . . .        n - +2 ring mail
rPois   .            (no helmet)
rElec   .            (no cloak)
rCorr   .            m - +0 pair of gloves
SInv    .            h - +0 pair of boots
Will    .....        (no amulet)
Stlth   +++          o - +2 ring of protection
HPRegen 0.28/turn    p - +3 ring of strength
MPRegen 0.18/turn

%: no teleportation
@: no status effects
A: no striking features
a: Renounce Religion


You were in the Dungeon.
You worshipped Vehumet.
Vehumet was pleased with you.
You visited 1 branch

Inventory:

Hand Weapons
 l - a +2 rapier of distortion (weapon)
Armour
 a - a +0 robe
 h - a +0 pair of boots (worn)
 m - a +0 pair of gloves (worn)
 n - a +2 ring mail (worn)
Jewellery
 o - a +2 ring of protection (left hand)
 p - a +3 ring of strength (right hand)
Wands
 k - a wand of iceblast (10)
Scrolls
 g - 2 scrolls of blinking
 j - 2 scrolls of amnesia
Potions
 b - 5 potions of magic
 c - 2 potions of curing
 d - 2 potions of heal wounds
 f - a potion of berserk rage
 i - a potion of invisibility


   Skills:
 + Level 4.3 Fighting
 + Level 5.3 Short Blades
 + Level 4.4 Armour
 - Level 7.0 Dodging
 - Level 7.0 Stealth
 + Level 9.6 Spellcasting
 * Level 8.5 Conjurations
 - Level 1.1 Transmutations
 * Level 11.2 Earth Magic


You had 17 spell levels left.
You knew the following spells:

 Your Spells              Type           Power      Damage    Failure   Level
a - Sandblast             Erth           100%       2d20      1%          1
b - Stone Arrow           Conj/Erth      100%       3d13      1%          3
c - Petrify               Tmut/Erth      39%        N/A       13%         4
d - Kiss of Death         Conj/Necr      100%       2d13      2%          1

Your spell library contained the following spells:

 Spells                   Type           Power      Damage    Failure   Level
 Poisonous Vapours        Pois/Air       22%        N/A       26%         2
 Passwall                 Tmut/Erth      32%        N/A       1%          2


Dungeon Overview and Level Annotations

Branches:
Dungeon (1/1)

Altars:
Cheibriados
Dithmenos
Elyvilon
Fedhas
Gozag
Hepliaklqana
Kikubaaqudgha
Makhleb
Nemelex Xobeh
Okawaru
Qazlal
Ru
Sif Muna
Trog
Uskayaw
Vehumet
Wu Jian
Xom
Yredelemnul
Zin
The Shining One
Jiyva
Lugonu


Message History

The spell is quite dangerous to miscast (13% risk of failure)!
Continue anyway?
Aiming: Petrify (quite dangerous; 13% risk of failure)
Press: ? - help, Shift-Dir - straight line, f/p - skeletal warrior
Aim: a skeletal warrior, wielding a +0 mace (lightly damaged, chance to affect: 7%)
The skeletal warrior resists with almost no effort.
The skeletal warrior hits you with a +0 mace!
Unknown command.
Unknown command.
Unknown command.
Casting: Petrify (quite dangerous; 13% risk of failure)
Confirm with . or Enter, or press ? or * to list all spells.
Aiming: Stone Arrow (safe; 1% risk of failure)
Press: ? - help, Shift-Dir - straight line, f/p - skeletal warrior
Aim: a skeletal warrior, wielding a +0 mace (lightly damaged, 78% to hit)
The stone arrow hits the skeletal warrior!
The skeletal warrior is moderately damaged.
The skeletal warrior hits you with a +0 mace.
Unknown command.
Unknown command.
Casting: Stone Arrow (safe; 1% risk of failure)
Confirm with . or Enter, or press ? or * to list all spells.
Aiming: Stone Arrow (safe; 1% risk of failure)
Press: ? - help, Shift-Dir - straight line, f/p - skeletal warrior
Aim: a skeletal warrior, wielding a +0 mace (moderately damaged, 78% to hit)
The stone arrow hits the skeletal warrior!
The skeletal warrior is heavily damaged.
The skeletal warrior hits you with a +0 mace.
Unknown command.
Unknown command.
Casting: Stone Arrow (safe; 1% risk of failure)
Confirm with . or Enter, or press ? or * to list all spells.
Aiming: Stone Arrow (safe; 1% risk of failure)
Press: ? - help, Shift-Dir - straight line, f/p - skeletal warrior
Aim: a skeletal warrior, wielding a +0 mace (heavily damaged, 78% to hit)
The stone arrow misses the skeletal warrior.
The stone arrow hits the cyclops!
The cyclops is moderately wounded.
The skeletal warrior hits you with a +0 mace!!
Ouch! That really hurt!
You die... ▓▓▓▓▓▓▓▓▓▓▓▓▓▓▓▓▓▓▓▓▓▓▓▓ '..)......'.....@zCcoc.. ▓▓▓▓▓▓▓▓▓▓▓▓▓▓▓▓▓▓▓▓▓▓▓▓

You could see a skeletal warrior, a centaur warrior, a cyclops, a centaur and an orc wizard.

Vanquished Creatures
  An unseen horror (D)
  A komodo dragon (D)
  2 trolls (D)
  A hornet (D)
  A gnoll sergeant (D)
  A killer bee (D)
  A hound (D)
  2 shadow imps (D)
  A dart slug (D)
  An orc (D)
  An endoplasm (D)
  A kobold (D)
  2 ball pythons (D)
  A rat (D)
17 creatures vanquished.

Notes
Turn   | Place    | Note
-------+----------+-------------------------------------------
     0 | D        | Groucho the Deep Elf Earth Elementalist began the quest for
                  | the Orb.
     0 | D        | Reached XP level 1. HP: 10/10 MP: 6/6
     6 | D        | Reached skill level 4 in Earth Magic
   348 | D        | Noticed a hound
   352 | D        | Killed a hound
   353 | D        | Reached skill level 5 in Spellcasting
   353 | D        | Reached skill level 6 in Earth Magic
   353 | D        | Reached XP level 2. HP: 10/15 MP: 3/10
   353 | D        | Reached XP level 3. HP: 13/19 MP: 3/12
   356 | D        | Reached skill level 7 in Earth Magic
   719 | D        | Found a snail-covered altar of Cheibriados.
   719 | D        | Found a shadowy altar of Dithmenos.
   719 | D        | Found a white marble altar of Elyvilon.
   719 | D        | Found a blossoming altar of Fedhas.
   719 | D        | Found an opulent altar of Gozag.
   720 | D        | Found a hazy altar of Hepliaklqana.
   721 | D        | Found a viscous altar of Jiyva.
   722 | D        | Found an ancient bone altar of Kikubaaqudgha.
   723 | D        | Found a corrupted altar of Lugonu.
   724 | D        | Found a burning altar of Makhleb.
   725 | D        | Found a sparkling altar of Nemelex Xobeh.
   726 | D        | Found an iron altar of Okawaru.
   727 | D        | Found a stormy altar of Qazlal.
   728 | D        | Found a sacrificial altar of Ru.
   729 | D        | Found a shimmering blue altar of Sif Muna.
   730 | D        | Found a bloodstained altar of Trog.
   731 | D        | Found a hide-covered altar of Uskayaw.
   732 | D        | Found a radiant altar of Vehumet.
   733 | D        | Found an ornate altar of the Wu Jian Council.
   734 | D        | Found a shimmering altar of Xom.
   735 | D        | Found a basalt altar of Yredelemnul.
   736 | D        | Found a glowing silver altar of Zin.
   737 | D        | Found a glowing golden altar of the Shining One.
   742 | D        | Became a worshipper of Vehumet
   777 | D        | Learned a level 3 spell: Stone Arrow
   798 | D        | Noticed a hornet
   798 | D        | Noticed a killer bee
   798 | D        | Noticed a komodo dragon
   798 | D        | Noticed a troll
   798 | D        | Noticed a troll
   802 | D        | Killed a killer bee
   803 | D        | Reached skill level 1 in Short Blades
   803 | D        | Reached XP level 4. HP: 23/24 MP: 11/14
   810 | D        | Killed a hornet
   811 | D        | Reached skill level 5 in Conjurations
   811 | D        | Reached skill level 9 in Earth Magic
   811 | D        | Reached XP level 5. HP: 26/31 MP: 7/17
   811 | D        | Reached XP level 6. HP: 31/36 MP: 7/18
   821 | D        | Killed a komodo dragon
   821 | D        | Reached * piety under Vehumet
   821 | D        | Offered knowledge of Kiss of Death by Vehumet.
   822 | D        | Reached skill level 5 in Dodging
   822 | D        | Reached XP level 7. HP: 37/41 MP: 5/20
   828 | D        | Killed a troll
   829 | D        | Reached skill level 10 in Earth Magic
   834 | D        | Killed an unseen horror
   835 | D        | Reached XP level 8. HP: 30/48 MP: 4/23
   835 | D        | Killed a troll
   835 | D        | Reached ** piety under Vehumet
   836 | D        | Reached skill level 5 in Short Blades
   836 | D        | Reached skill level 11 in Earth Magic
  1472 | D        | Learned a level 4 spell: Petrify
  1474 | D        | Learned a level 1 spell: Kiss of Death
  1474 | D        | Noticed a skeletal warrior
  1474 | D        | Noticed a cyclops
  1474 | D        | Noticed a centaur warrior
  1476 | D        | Offered knowledge of Poisonous Vapours by Vehumet.
  1481 | D        | Slain by a skeletal warrior

Illustrated notes

Levels and vault maps discovered:
D:        linesprint [early_d, line_temple, items_1, d_10, items_2, lair_1,
          lair_end, items_3, orc_1, orc_end, items_4, d_15, swamp_1, shoals_1,
          snake_1, spider_1, d_20, vaults_1, items_5, swamp_end, shoals_end,
          snake_end, spider_end, vaults_end, d_27, items_6, zot_1, zot_end,
          crypt_end, forest_end, elf_end, slime_end, tomb_end, abyss_end,
          pan_hell_end]

Skill      XL: |  1  2  3  4  5  6  7  8 |
---------------+-------------------------+-----
Earth Magic    | 6 7 9 10 11 | 11.2
Spellcasting   | 5 6 7 8 9 |  9.6
Short Blades   | 1 3 4 5 |  5.3
Dodging        | 3 4 5 6 7 |  7.0
Stealth        | 3 4 6 7 |  7.0
Conjurations   | 2 5 6 7 8 |  8.5
Fighting       | 2 3 4 |  4.3
Armour         | 2 3 4 |  4.4
Transmutations | |  1.1

Action                     |  1- 3 |  4- 6 |  7- 9 || total
---------------------------+-------+-------+-------++-------
   Cast: Sandblast         |    13 |     8 |     9 ||    30
         Stone Arrow       |       |       |     6 ||     6
         Petrify           |       |       |     1 ||     1
    Use: Potion            |     2 |     3 |       ||     5
 Armour: Robe              |     2 |       |       ||     2
         Ring mail         |       |     5 |     2 ||     7
  Dodge: Dodged            |     6 |     4 |     2 ||    12
